 Dungeon Crawl Stone Soup version 0.29-a0-1027-gcd8c55af63 (webtiles) character file.

Game seed: 4503313614841235492

55557 DungeonMaster the Fighter (level 14, -15/113 (118) HPs)
             Began as a Demonspawn Wanderer on Aug 13, 2022.
             Was an Initiate of Gozag.
             Demolished by Saint Roka
             ... wielding a +4 broad axe of draining
              (27 damage)
             ... on level 2 of the Orcish Mines.
             The game lasted 00:59:01 (24316 turns).

DungeonMaster the Fighter (Demonspawn Wanderer)    Turns: 24316, Time: 00:59:02

HP:   -15/113 (118) AC: 36    Str: 19    XL:     14   Next: 38%
MP:   14/14         EV: 15    Int: 12    God:    Gozag
Gold: 682           SH:  0    Dex: 22    Spells: 13/13 levels left

rFire   + . .      SeeInvis +   a - +6 quarterstaff (protect)
rCold   + + .      Faith    .   (shield currently unavailable)
rNeg    . . .      Spirit   .   J - +1 chain mail "Joits" {Int+2 SInv}
rPois   +          Reflect  .   (no helmet)
rElec   .          Harm     .   z - +2 cloak
rCorr   .          Rampage  .   j - +2 pair of gloves {hurl}
Will    +....                   (no boots)
Stlth   ..........              K - amulet of Qujejedgh {rPois Regen+ Slay+2}
HPRegen 1.08/turn               r - ring of protection from fire
MPRegen 0.14/turn               n - ring of Wely {*Slow Fly rC++ Int-2 Dex+9}

@: gold aura, sanguine armoured, under a protective aura, flying, studying Earth
Magic, lightly drained
A: hooves 2, demonic guardian 1, ignite blood 1, sanguine armour 2
a: Renounce Religion, Potion Petition, Call Merchant, Bribe Branch


You were on level 2 of the Orcish Mines.
You worshipped Gozag.
Gozag was pleased with you.
You visited 3 branches of the dungeon, and saw 20 of its levels.

You collected 5564 gold pieces.
You spent 3678 gold pieces at shops.
You paid 1204 gold pieces to Gozag.

Inventory:

Hand Weapons
 a - a +6 quarterstaff of protection (weapon)
 k - a +4 dagger of chaos
 v - a +2 morningstar
 A - a +2 glaive of protection
 G - a +1 vampiric demon trident
 H - the +6 mace of Honour {vorpal, +Blink rF+ rC+}
   (You found it on level 10 of the Dungeon)

   It inflicts extra damage upon your enemies.
   rF:        It protects you from fire.
   rC:        It protects you from cold.
   +Blink:    It lets you blink.
 L - a +3 vampiric spear
 T - a +4 short sword of venom
Missiles
 b - 24 poisoned darts
 c - 16 boomerangs
 h - 24 stones
 s - 7 atropa-tipped darts
 x - 2 throwing nets
 C - 10 curare-tipped darts
Armour
 j - a +2 pair of gloves of hurling (worn)
 z - a +2 cloak (worn)
 I - a +2 buckler
 J - the +1 chain mail "Joits" (worn) {Int+2 SInv}
   (You bought it in a shop on level 10 of the Dungeon)

   Int:       It affects your intelligence (+2).
   SInv:      It lets you see invisible.
 R - the +2 robe of Blue Skies {rF+ rC+ Dex+2 Archmagi}
   (You found it on level 5 of the Lair of Beasts)

   Dex:       It affects your dexterity (+2).
   rF:        It protects you from fire.
   rC:        It protects you from cold.
   Archmagi:  It increases the power of your magical spells.
Jewellery
 n - the ring of Wely (right hand) {*Slow Fly rC++ Int-2 Dex+9}
   (You took it off a gnoll on level 11 of the Dungeon)

   [ring of flight]

   Int:       It affects your intelligence (-2).
   Dex:       It affects your dexterity (+9).
   rC:        It greatly protects you from cold.
   Fly:       It grants you flight.
   *Slow:     It may slow you when you take damage.
 r - a ring of protection from fire (left hand)
 E - a ring of positive energy
 K - the amulet of Qujejedgh (around neck) {rPois Regen+ Slay+2}
   (You took it off a gnoll on level 11 of the Dungeon)

   [amulet of regeneration]

   Slay:      It affects your accuracy & damage with ranged weapons and melee
   (+2).
   rPois:     It protects you from poison.
   Regen:     It increases your rate of health regeneration.
 O - a ring of positive energy
Wands
 t - a wand of polymorph (5)
 B - a wand of flame (38)
 D - a wand of mindburst (6)
 M - a wand of paralysis (13)
 S - a wand of iceblast (4) (quivered)
 U - a wand of acid (5)
 V - a wand of digging (6)
Scrolls
 e - a scroll of fog
 f - 7 scrolls of immolation
 i - 14 scrolls of teleportation
 o - 5 scrolls of fear
 u - 2 scrolls of amnesia
 w - a scroll of identify
 y - a scroll of silence
 P - a scroll of enchant armour
Potions
 d - 4 potions of ambrosia
 g - 3 potions of flight
 l - 8 potions of curing
 m - 3 potions of brilliance
 q - 4 potions of mutation
 N - a potion of magic
 Q - a potion of cancellation


   Skills:
 - Level 13.6 Fighting
 - Level 1.0(2.4) Maces & Flails
 - Level 3.6(3.7) Staves
 - Level 12.9 Throwing
 - Level 12.5 Armour
 - Level 12.4 Dodging
 - Level 1.0 Stealth
 + Level 5.3 Earth Magic
 - Level 1.2 Invocations


You had 13 spell levels left.
You didn't know any spells.
Your spell library contained the following spells:

 Spells                   Type           Power      Damage    Failure   Level
 Foxfire                  Conj/Fire      0%         2x1d4     92%         1
 Necrotise                Necr           0%         1d4       92%         1
 Slow                     Hex            0%         N/A       92%         1
 Summon Small Mammal      Summ           0%         N/A       92%         1
 Sublimation of Blood     Necr           0%         N/A       98%         2
 Wereblood                Tmut           0%         N/A       98%         2
 Call Canine Familiar     Summ           0%         N/A       100%        3
 Confusing Touch          Hex            0%         N/A       100%        3
 Conjure Flame            Conj/Fire      0%         6-21      100%        3
 Inner Flame              Hex/Fire       0%         N/A       100%        3
 Summon Guardian Golem    Hex/Summ       0%         N/A       100%        3
 Vampiric Draining        Necr           0%         2d6       100%        3
 Airstrike                Air            0%         2d(0-16)  100%        4
 Flame Wave               Conj/Fire      0%         2d4       100%        4
 Summon Lightning Spire   Summ/Air       0%         N/A       100%        4
 Agony                    Necr           0%         N/A       100%        5
 Borgnjor's Vile Clutch   Necr/Erth      3%         N/A       100%        5
 Lightning Bolt           Conj/Air       0%         1d11      100%        5
 Death Channel            Necr           0%         N/A       100%        6
 Summon Hydra             Summ           0%         N/A       100%        7
 Animate Dead             Necr           Unusable   N/A       N/A         4

Dungeon Overview and Level Annotations

Branches:
Dungeon (13/15)            Temple (0/1) D:6            Lair (5/5) D:11
 Shoals (0/4) Lair:2       Spider (0/4) Lair:2        Slime (0/5) Lair:5
    Orc (2/2) D:12
    Elf: Orc:2       Vaults: D:13-14

Altars:
Cheibriados
Dithmenos
Gozag
Kikubaaqudgha
Makhleb
Nemelex Xobeh
Okawaru
Qazlal
Ru
Sif Muna
Wu Jian
Xom
Yredelemnul
Jiyva

Shops:
D:4 *   D:5 (   D:7 *   D:10 [   D:11 **[(?(   D:12 [

Portals:
Hell: Lair:5

Annotations:
D:9 3 runed translucent doors, hackon's ghost, journeyman DjAE
Lair:1 2 transporters, 27heaven's ghost, journeyman DrEn
Orc:2 Saint Roka


Innate Abilities, Weirdness & Mutations

You have hoof-like feet.
A weak demonic guardian rushes to your aid.
Your demonic aura sometimes causes spilled blood to erupt in flames.
When seriously injured, your blood forms thick armour. (AC +9)


Message History

The orc wizard hits you but does no damage.
The orc warrior misses you.
Saint Roka calls down the wrath of Beogh upon you.
Beogh smites you!
You hit Saint Roka.
Saint Roka is severely wounded.
The orc wizard misses you.
The orc warrior hits you but does no damage.
Saint Roka barely misses you.
You hit Saint Roka.
Saint Roka is severely wounded.
The orc wizard barely misses you. The orc warrior misses you.
Saint Roka closely misses you.
You sock the orc wizard!
You kick the orc wizard, but do no damage.
The orc wizard is almost dead.
The orc wizard is engulfed in blazing flames.
You kill the orc wizard!
The orc warrior hits you but does no damage.
Saint Roka calls down the wrath of Beogh upon you.
Beogh smites you!
* * * LOW HITPOINT WARNING * * *
The orc warrior barely misses you.
You sock Saint Roka! You kick Saint Roka, but do no damage.
Saint Roka is almost dead.
Saint Roka calls down the wrath of Beogh upon you.
Beogh smites you!
* * * LOW HITPOINT WARNING * * *
A demonic guardian appears!
The orc warrior closely misses you.
You closely miss Saint Roka. You kick Saint Roka, but do no damage.
Saint Roka is almost dead.
Saint Roka calls down the wrath of Beogh upon you.
Beogh smites you!
* * * LOW HITPOINT WARNING * * *
The orc warrior hits you but does no damage.
You hit Saint Roka. You kick Saint Roka, but do no damage.
Saint Roka is almost dead.
Saint Roka hits you with a +4 broad axe of draining!!
You die...
Your body crumbles into a pile of gold.

#...# ##....# .
.......## ..
........# ...
........## $.$.
#....#.#...#
#.........# .
###.)@...##
....#...o$$...#
.........o4°.....
......(..$.......
.....$...$#$.....
....(....#.$.....
..$$...####.####.
..($... .$.
#...... ..o


You could see Saint Roka (very poisoned), an orc warrior (strong, ally target)
and a friendly ice devil (summoned).

Vanquished Creatures
  A dire elephant (Lair:5)
  Josephine (D:11)
  A boulder beetle (D:12)
  3 hydras
  2 centaur warriors (D:13)
  Erolcha (D:9)
  A tengu warrior (D:13)
  3 two-headed ogres
  A death yak (Lair:5)
  Nergalle (Lair:2)
  Urug (D:10)
  Sonja (D:13)
  A sun demon (Lair:5)
  A lindwurm (Lair:5)
  2 orc knights
  An orc sorcerer (Orc:1)
  An ugly thing (D:11)
  2 cyclopes
  6 elephants (Lair:5)
  Maurice (D:8)
  Joseph (D:9)
  2 black mambas (Lair:1)
  14 cane toads
  A torpor snail (Lair:3)
  2 orange demons (Lair:5)
  2 gargoyles
  An unseen horror (D:11)
  Psyche (D:8)
  2 rime drakes (Lair:5)
  6 komodo dragons
  3 ice devils (Lair:5)
  A tengu conjurer (D:12)
  A hellwing (Lair:5)
  2 polar bears (Lair:5)
  3 trolls
  2 hornets
  7 blink frogs
  2 slime creatures (D:13)
  Prince Ribbit (Lair:1)
  5 dream sheep
  6 wraiths
  A shadow (D:10)
  4 wyverns
  53 yaks
  4 basilisks
  2 steam dragons
  4 vampire mosquitoes
  2 wargs (Orc:2)
  2 acid dragons
  13 water moccasins
  3 hell hounds (Lair:5)
  2 ice beasts
  4 black bears
  15 orc warriors
  4 ogres
  4 boggarts (Lair:5)
  4 centaurs
  28 wolves
  3 kobold brigands
  9 bullfrogs
  A gnoll sergeant (D:11)
  A necrophage (D:5)
  9 scorpions
  4 wights
  6 killer bees (D:11)
  2 howler monkeys (D:8)
  3 vampire bats (D:6)
  An electric eel (Lair:2)
  5 hounds
  3 jellies
  6 orc priests
  A gnoll bouda (D:4)
  4 iguanas
  12 orc wizards
  6 adders
  13 gnolls
  3 shadow imps
  2 white imps
  An ufetubus (D:5)
  6 worms
  5 dart slugs
  48 orcs
  3 bats
  3 bat skeletons (D:6)
  3 bat zombies (D:6)
  11 endoplasms
  7 giant cockroaches
  4 goblins
  10 hobgoblins
  4 jackals (D:4)
  24 kobolds
  4 quokkas
  7 ball pythons
  A frilled lizard (D:1)
  5 rats
486 creatures vanquished.

Vanquished Creatures (collateral kills)
  2 hydras (Lair:5)
  A catoblepas (Lair:5)
  A slime creature (Lair:5)
  A cane toad (Lair:5)
  2 komodo dragons
  A red devil (Lair:5)
  A wyvern (Lair:5)
  A hell hound (Lair:5)
  An orc wizard (Orc:1)
11 creatures vanquished.

Vanquished Creatures (others)
  2 wizards
  A frilled lizard (D:3)
  3 bushes (Lair:5)
  66 fungi
  105 plants
177 creatures vanquished.

Grand Total: 674 creatures vanquished

Notes
Turn   | Place    | Note
-------+----------+-------------------------------------------
     0 | D:1      | DungeonMaster the Demonspawn Wanderer began the quest for
                  | the Orb.
     0 | D:1      | DungeonMaster set off with the following items: a +2
                  | quarterstaff, a +0 mace, 6 boomerangs, a +0 dagger, a
                  | potion of heal wounds, a +0 leather armour.
     0 | D:1      | Reached XP level 1. HP: 15/15 MP: 1/1
   228 | D:1      | Gained mutation: You have large cloven feet. [demonic
                  | ancestry]
   228 | D:1      | Reached XP level 2. HP: 21/21 MP: 2/2
   378 | D:1      | Reached skill level 1 in Dodging
   657 | D:1      | Found a shimmering blue altar of Sif Muna.
   947 | D:1      | Reached XP level 3. HP: 27/27 MP: 3/3
  1170 | D:2      | You fall into a shaft and drop 2 floors!
  1175 | D:4      | Noticed a scorpion
  1188 | D:4      | Killed a scorpion
  1189 | D:4      | Reached skill level 2 in Fighting
  1189 | D:4      | Gained mutation: When seriously injured, your blood forms
                  | armour. (AC +9) [demonic ancestry]
  1189 | D:4      | Reached XP level 4. HP: 27/34 MP: 4/4
  1327 | D:4      | Reached XP level 5. HP: 20/40 MP: 5/5
  1525 | D:4      | Reached skill level 3 in Fighting
  1946 | D:3      | Found a shimmering altar of Xom.
  2345 | D:2      | Gained mutation: When seriously injured, your blood forms
                  | thick armour. (AC +9) [demonic ancestry]
  2345 | D:2      | Reached XP level 6. HP: 47/47 MP: 6/6
  2390 | D:2      | Found a faded altar of an unknown god.
  3027 | D:4      | Reached skill level 4 in Fighting
  3214 | D:4      | Found Egrery's Overcharged Wands.
  3270 | D:4      | Found an iron altar of Okawaru.
  3512 | D:5      | Entered Level 5 of the Dungeon
  3512 | D:5      | Found Oratusemp's Antique Weapon Boutique.
  3522 | D:5      | Reached XP level 7. HP: 20/55 MP: 7/7
  4009 | D:5      | Found an opulent altar of Gozag.
  4019 | D:5      | Became a worshipper of Gozag Ym Sagoz the Greedy
  4076 | D:5      | HP: 1/55 [ice beast (14)]
  4091 | D:5      | Reached skill level 5 in Fighting
  4533 | D:5      | Reached XP level 8. HP: 14/63 MP: 8/8
  4730 | D:4      | Reached skill level 5 in Armour
  5044 | D:5      | Noticed a torpor snail
  5050 | D:5      | Found a snail-covered altar of Cheibriados.
  5224 | D:5      | Noticed a torpor snail
  5225 | D:5      | Noticed a torpor snail
  5438 | D:6      | Reached skill level 5 in Dodging
  5500 | D:6      | Found a staircase to the Ecumenical Temple.
  5679 | D:6      | Reached skill level 6 in Fighting
  5872 | D:6      | Found an ancient bone altar of Kikubaaqudgha.
  6181 | D:6      | Found a stormy altar of Qazlal.
  6533 | D:7      | Found a sacrificial altar of Ru.
  6724 | D:7      | Found a basalt altar of Yredelemnul.
  6808 | D:7      | Noticed a hornet
  6821 | D:7      | Paralysed by a hornet for 3 turns
  6831 | D:7      | Killed a hornet
  6832 | D:7      | Gained mutation: You have hoof-like feet. [demonic
                  | ancestry]
  6832 | D:7      | Reached XP level 9. HP: 11/71 MP: 9/9
  7260 | D:7      | Reached skill level 7 in Fighting
  7690 | D:7      | Found Ziuthra's Assorted Antiques.
  7698 | D:7      | Bought a blue potion for 18 gold pieces
  7698 | D:7      | Bought a scroll of fear for 84 gold pieces
  7698 | D:7      | Bought a scroll labelled ANWOBUR QABLUS for 21 gold pieces
  7698 | D:7      | Bought a scroll labelled SOTTARGH UDESO for 21 gold pieces
  8385 | D:8      | Noticed Maurice
  8636 | D:8      | Killed Maurice
  8637 | D:8      | Reached skill level 5 in Throwing
  9315 | D:8      | Noticed Psyche
  9484 | D:8      | Killed Psyche
 10010 | D:9      | Found a runed translucent gate.
 10012 | D:9      | Found a runed translucent gate.
 10014 | D:9      | Noticed a gargoyle
 10014 | D:9      | Noticed a meliai
 10015 | D:9      | Noticed hackon's ghost (journeyman DjAE)
 10015 | D:9      | Noticed a two-headed ogre
 10018 | D:9      | Found a runed translucent gate.
 10122 | D:9      | Reached XP level 10. HP: 41/79 MP: 10/10
 10132 | D:9      | Reached skill level 10 in Throwing
 10740 | D:9      | Noticed a two-headed ogre
 10761 | D:9      | Killed a two-headed ogre
 11322 | D:9      | Noticed Erolcha
 11322 | D:9      | Noticed Joseph
 11366 | D:10     | Entered Level 10 of the Dungeon
 11427 | D:10     | Found a shadowy altar of Dithmenos.
 11467 | D:10     | Identified the +6 mace of Honour {vorpal, +Blink rF+ rC+}
 11495 | D:10     | Found a sparkling altar of Nemelex Xobeh.
 11757 | D:10     | Noticed a gargoyle
 11770 | D:10     | Killed a gargoyle
 11883 | D:10     | Noticed Urug
 11910 | D:10     | Killed Urug
 12215 | D:10     | Found an ornate altar of the Wu Jian Council.
 12561 | D:10     | Bought a faintly glowing chain mail for 304 gold pieces
 12561 | D:10     | Identified the +1 chain mail "Joits" {Int+2 SInv} (You
                  | bought it in a shop on level 10 of the Dungeon)
 12561 | D:10     | Bought a twisted ring mail for 288 gold pieces
 12561 | D:10     | Identified the +4 ring mail "Ediowiu" {Harm} (You bought it
                  | in a shop on level 10 of the Dungeon)
 12632 | D:11     | Noticed a green ugly thing
 12651 | D:11     | Killed a green ugly thing
 12652 | D:11     | Reached skill level 8 in Fighting
 12652 | D:11     | Gained mutation: A weak demonic guardian rushes to your
                  | aid. [demonic ancestry]
 12652 | D:11     | Reached XP level 11. HP: 40/86 MP: 11/11
 13607 | D:11     | Found Jiajekyi's Antique Armour Shop.
 13615 | D:11     | Bought a pair of embroidered gloves for 217 gold pieces
 13686 | D:11     | Noticed Josephine
 13712 | D:11     | Killed Josephine
 14569 | D:11     | Identified the amulet of Qujejedgh {rPois Regen+ Slay+2}
 14570 | D:11     | Identified the ring of Wely {*Slow Fly rC++ Int-2 Dex+9}
 14586 | D:11     | Found a staircase to the Lair.
 14882 | D:11     | Found Feby's Weapon Shoppe.
 14882 | D:11     | Found Upliyh's Magic Scroll Shop.
 14895 | D:11     | Reached skill level 9 in Fighting
 14910 | D:11     | Found Onyigg's Assorted Antiques.
 14915 | D:11     | Noticed a two-headed ogre
 14941 | D:11     | Killed a two-headed ogre
 14985 | D:11     | Bought a bubbling red potion for 24 gold pieces
 14985 | D:11     | Bought a potion of curing for 81 gold pieces
 14985 | D:11     | Bought a scroll of teleportation for 81 gold pieces
 15111 | D:11     | Found Wigics's General Store.
 15119 | D:11     | Bought a scroll of teleportation for 42 gold pieces
 15119 | D:11     | Bought a scroll of teleportation for 42 gold pieces
 15268 | D:12     | Noticed an orc knight
 15268 | D:12     | Found a staircase to the Orcish Mines.
 15368 | D:12     | Found Diuk's Armour Shoppe.
 15391 | D:11     | Killed an orc knight
 15519 | D:12     | Noticed a two-headed ogre
 15526 | D:12     | Killed a two-headed ogre
 15609 | D:12     | Noticed a four-headed hydra
 15620 | D:12     | Killed a four-headed hydra
 15797 | D:12     | Noticed a boulder beetle
 15810 | D:12     | Killed a boulder beetle
 15811 | D:12     | Reached skill level 10 in Fighting
 15811 | D:12     | Reached XP level 12. HP: 71/97 MP: 12/12
 16403 | D:13     | Noticed a tengu warrior
 16405 | D:13     | Noticed Sonja
 16424 | D:13     | Killed a tengu warrior
 16429 | D:13     | Noticed a centaur warrior
 16440 | D:13     | Killed Sonja
 16444 | D:13     | Killed a centaur warrior
 16597 | D:13     | Noticed a centaur warrior
 16621 | D:13     | Killed a centaur warrior
 16794 | D:11     | Bought a warped cloak for 275 gold pieces
 16794 | D:11     | Identified the +0 cloak "Pifrewk" {Harm MP+9} (You bought
                  | it in a shop on level 11 of the Dungeon)
 16820 | D:11     | Bought a scroll of enchant armour for 112 gold pieces
 16971 | Lair:1   | Entered Level 1 of the Lair of Beasts
 16993 | Lair:1   | Noticed Prince Ribbit
 17103 | Lair:1   | Reached skill level 10 in Armour
 17165 | Lair:1   | Reached skill level 11 in Fighting
 17183 | Lair:1   | Reached skill level 10 in Dodging
 17199 | Lair:1   | Killed Prince Ribbit
 17331 | Lair:1   | Noticed 27heaven's ghost (journeyman DrEn)
 18025 | Lair:1   | Found a transporter.
 18030 | Lair:1   | Found a transporter.
 18404 | Lair:2   | Found a hole to the Spider Nest.
 18573 | Lair:2   | Reached XP level 13. HP: 106/106 MP: 13/13
 18613 | Lair:2   | Noticed Nergalle
 18628 | Lair:2   | Killed Nergalle
 18909 | Lair:2   | Found a staircase to the Shoals.
 19525 | Lair:3   | Reached skill level 12 in Fighting
 20265 | D:11     | Bought an ivory scimitar for 306 gold pieces
 20265 | D:11     | Identified the +1 scimitar of the Gazing Soothsayer {spect,
                  | rF+} (You bought it in a shop on level 11 of the Dungeon)
 21183 | Lair:5   | Entered Level 5 of the Lair of Beasts
 21623 | Lair:5   | Reached skill level 13 in Fighting
 21705 | Lair:5   | Found a burning altar of Makhleb.
 21710 | Lair:5   | Found a gateway to Hell.
 21717 | Lair:5   | Identified the +2 robe of Blue Skies {rF+ rC+ Dex+2
                  | Archmagi}
 21891 | Lair:5   | Gained mutation: Your demonic aura sometimes causes spilled
                  | blood to erupt in flames. [demonic ancestry]
 21891 | Lair:5   | Reached XP level 14. HP: 60/118 MP: 14/14
 22234 | Lair:5   | Found a viscous altar of Jiyva.
 22234 | Lair:5   | Found a staircase to the Slime Pits.
 22759 | D:11     | Bought a transparent war axe for 289 gold pieces
 22759 | D:11     | Identified the +1 war axe "Nys Gam" {vorpal, rPois Int-2
                  | Dex+4} (You bought it in a shop on level 11 of the Dungeon)
 22846 | Orc:1    | Entered Level 1 of the Orcish Mines
 23053 | D:11     | Bought a scroll of acquirement for 780 gold pieces
 23054 | D:11     | Acquired a manual of Earth Magic
 23094 | D:9      | Killed Joseph
 23095 | D:9      | Reached skill level 1 in Earth Magic
 23097 | D:9      | Killed Erolcha
 23284 | D:4      | Bought a wand of digging (11) for 693 gold pieces
 24143 | Orc:2    | Entered Level 2 of the Orcish Mines
 24281 | Orc:2    | Reached skill level 5 in Earth Magic
 24285 | Orc:2    | Noticed Saint Roka
 24316 | Orc:2    | Demolished by Saint Roka

Illustrated notes

Levels and vault maps discovered:
D:1:      dpeg_arrival_lava_altar, layout_basic, dreamdust_princess_bridge,
          hangedman_decor_clover_reticule, serial_bayou_lake_a
D:2:      layout_rooms, chequers_ecumenical_altar_simple
D:3:      layout_basic, mainiacjoe_overflow_tiny_flanked, xom_butterflies,
          elyvilon_altar_4
D:4:      layout_loops_cross, lemuel_coloured_pillars_altar,
          portal_sewer_entry_b, st_stairs_4, nicolae_shop_overcharged_wands
D:5:      layout_cave_pools, cheibriados_altar_2,
          nicolae_gozag_cash_rules_everything_around_me, nicolae_stop_n_shop_2
D:6:      layout_basic, mainiacjoe_overflow_surrounded_room,
          grunt_qazlal_sundering, mainiacjoe_overflow_chevrons,
          kennysheep_vampire_church, minmay_temple_entry_tees,
          palyth_stone_intersect
D:7:      layout_basic, nicolae_ru_awakened_eye, mainiacjoe_overflow_24_doors,
          serial_shops, shop, minmay_manual_mullet
D:8:      layout_basic, uniq_maurice, uniq_psyche
D:9:      layout_gridville, gammafunk_ghost_split, nicolae_titane, uniq_erolcha,
          uniq_joseph
D:10:     layout_basic, mainiacjoe_overflow_paths, nemelex_altar_shiori,
          nicolae_dithmenos_shadow_blocks, uniq_urug
D:11:     layout_roguey, due_lair_maze_entry_diamond, serial_shops, shop,
          nicolae_shop_trees, shop, nicolae_shop_overgrown_old_shop, shop,
          uniq_josephine
D:12:     layout_loops_corners, orc_david_3
D:13:     layout_cave_pools, minivault_11, uniq_rupert, uniq_sonja
Lair:1:   layout_roguey, gammafunk_ghost_hive, chequers_serial_rivers_large_a,
          uniq_prince_ribbit2
Lair:2:   layout_cave_pods, elwin_shoals_entry_rooms,
          nicolae_spider_entry_non_spiders, lemuel_fruit_tree, uniq_nergalle
Lair:3:   layout_loops_ring, grunt_forest_large_clearings,
          infiniplex_staircase_pool
Lair:4:   layout_cave_pods, chequers_serial_rivers_micro_d, beast_lair_carwin_9,
          infiniplex_staircase_pool_2
Lair:5:   evil_forest, layout_concentric_octagons, minmay_slime_entry_pillars,
          kilobyte_rumbling_trees
Orc:1:    layout_caves, minmay_orc_barracks
Orc:2:    st_orc_elflike, layout_diamond_mine, uniq_saint_roka

Skill      XL: |  1  2  3  4  5  6  7  8  9 10 11 12 13 14 |
---------------+-------------------------------------------+-----
Dodging        | 1 2 3 4 6 7 9 10 12 | 12.4
Fighting       | 2 3 4 5 6 7 8 10 11 13 | 13.6
Armour         | 2 3 4 6 7 9 10 12 | 12.5
Throwing       | 9 12 | 12.9
Earth Magic    | 5 |  5.3
Maces & Flails | |  1.0
Staves         | |  3.6
Stealth        | |  1.0
Invocations    | |  1.2

Action                   |  1- 3 |  4- 6 |  7- 9 | 10-12 | 13-15 || total
-------------------------+-------+-------+-------+-------+-------++-------
Melee: Quarterstaff      |    57 |   207 |   355 |   745 |   638 ||  2002
       Kick              |     6 |    37 |    90 |   266 |   293 ||   692
Throw: Dart              |       |     4 |    26 |    25 |     8 ||    63
       Throwing net      |       |       |     1 |       |       ||     1
       Boomerang         |       |       |       |    34 |    20 ||    54
       Javelin           |       |       |       |     4 |    39 ||    43
Invok: Call Merchant     |       |       |       |     1 |     1 ||     2
Evoke: Wand              |       |       |     2 |     5 |     8 ||    15
  Use: Scroll            |     3 |     8 |    10 |    13 |     7 ||    41
       Potion            |       |       |     6 |     3 |     2 ||    11
 Stab: Distracted        |       |       |     3 |     3 |     9 ||    15
Armor: Leather armour    |     5 |       |       |       |       ||     5
       Ring mail         |    16 |    85 |   243 |    35 |       ||   379
       Chain mail        |       |       |       |   396 |   484 ||   880
Dodge: Dodged            |    28 |   122 |   260 |   490 |   600 ||  1500

Table legend: (Time is in decaauts)
 A = Elapsed time spent in this place.
 B = Non-inter-level travel time spent in this place.
 C = Inter-level travel time spent in this place.
 D = Time resting spent in this place.
 E = Time spent auto-exploring this place.
 F = Levels seen in this place.
 G = Mean time per level.
                   A        B        C        D        E       F      G
               +--------+--------+--------+--------+--------+-----+--------+
         Total |  24666 |  23251 |   1415 |   5505 |  12210 |  20 | 1233.3 |
       Dungeon |  17760 |  16793 |    967 |   4995 |   8461 |  13 | 1366.2 |
          Lair |   5879 |   5509 |    370 |    410 |   3282 |   5 | 1175.8 |
  Orcish Mines |   1026 |    948 |     78 |    100 |    467 |   2 |  513.0 |
               +--------+--------+--------+--------+--------+-----+--------+

Top non-repeatable levels by time:
    D:11: 3185 daAuts
     D:7: 1968 daAuts
     D:8: 1719 daAuts
     D:4: 1695 daAuts
     D:5: 1686 daAuts
     D:9: 1575 daAuts
  Lair:5: 1486 daAuts
    D:10: 1241 daAuts
  Lair:1: 1225 daAuts
     D:1: 1215 daAuts
  Lair:2: 1102 daAuts
  Lair:3: 1062 daAuts
    D:12: 1051 daAuts
     D:6: 1030 daAuts
  Lair:4: 1001 daAuts
